 Dungeon Crawl Stone Soup version 0.18-a0-1435-gee79d65 (webtiles) character file.

9466 Ijustatesigmund the Fighter (level 11, -8/157 HPs)
             Began as a Minotaur Berserker on Feb 28, 2016.
             Was a High Priest of Trog.
             Hit by a large rock thrown by a cyclops (27 damage)
             ... on level 11 of the Dungeon.
             The game lasted 00:18:10 (7857 turns).

Ijustatesigmund the Fighter (Minotaur Berserker)    Turns: 7857, Time: 00:18:10

Health: -8/157     AC: 12    Str: 26    XL:     11   Next: 23%
Magic:  10/10      EV: 18    Int:  7    God:    Trog [*****.]
Gold:   254        SH:  5    Dex: 20    Spells: 0 memorised, 10 levels left

rFire  . . .     SeeInvis .     A - +4 broad axe "Vuulocukk" {chop, Int+3 Dex+2}
rCold  . . .     Gourm    .     j - +1 ring mail
rNeg   . . .     Faith    .     (no shield)
rPois  .         Spirit   .     (helmet restricted)
rElec  .         Dismiss  .     r - +1 cloak
rCorr  .         Reflect  +     (no gloves)
SustAt .         Harm     .     x - +0 pair of boots
MR     +....                    N - +5 amulet of reflection
Stlth  ..........               b - +4 ring of dexterity
                                I - ring of protection from magic

@: berserking (expiring), marked, very quick, somewhat resistant to hostile
enchantments, extremely unstealthy
A: retaliatory headbutt, horns 2
a: Berserk, Trog's Hand, Brothers in Arms, Burn Spellbooks, Renounce Religion


You were on level 11 of the Dungeon.
You worshipped Trog.
Trog was extremely pleased with you.
You were not hungry.

You visited 1 branch of the dungeon, and saw 11 of its levels.

You collected 604 gold pieces.
You spent 350 gold pieces at shops.

Inventory:

Hand Weapons
 a - a +1 hand axe
 A - the +4 broad axe "Vuulocukk" (weapon) {chop, Int+3 Dex+2}
   (You found it on level 5 of the Dungeon)

   It inflicts extra damage upon your enemies.
   It affects your intelligence (+3).
   It affects your dexterity (+2).
Missiles
 m - 6 javelins (quivered)
Armour
 j - a +1 ring mail (worn)
 r - a +1 cloak (worn)
 x - a +0 pair of boots (worn)
Jewellery
 b - a +4 ring of dexterity (right hand)
 l - an uncursed ring of stealth
 t - an uncursed amulet of guardian spirit
 I - a ring of protection from magic (left hand)
 J - a +3 ring of intelligence {unknown}
 K - an uncursed ring of poison resistance {unknown}
 M - an uncursed ring of magical power {unknown}
 N - a +5 amulet of reflection (around neck)
 P - an uncursed ring of wizardry {unknown}
 R - a cursed ring of loudness {unknown}
Wands
 s - a wand of confusion (33/48)
 v - a wand of acid (10/15)
 y - a wand of polymorph (14/24)
 O - a wand of iceblast (6/15)
Scrolls
 g - 4 scrolls of enchant weapon
 n - 2 scrolls of remove curse
 C - 2 scrolls of fear
 D - 3 scrolls of enchant armour
 E - 5 scrolls of teleportation
 H - a scroll of recharging
Potions
 d - 2 potions of lignification
 e - 2 potions of resistance
 h - 5 potions of agility
 i - 5 potions of heal wounds
 k - 7 potions of curing
 o - 2 potions of berserk rage
 p - 2 potions of ambrosia
 q - 2 potions of haste
 u - a potion of flight
 w - a potion of magic {unknown}
 z - 3 potions of might {unknown}
 G - a potion of brilliance {unknown}
Comestibles
 c - 8 bread rations
 f - 11 meat rations
 B - 2 royal jellies
 F - 8 beef jerkies
 Q - a slice of pizza


   Skills:
 + Level 12.3 Fighting
 + Level 12.0 Axes
 + Level 9.6 Armour
 + Level 8.4 Dodging


You had 10 spell levels left.
You didn't know any spells.

Dungeon Overview and Level Annotations

Branches:
Dungeon (11/15)            Temple (0/1) D:4
   Lair: D:8-11         Orc: D:9-12

Altars:
Dithmenos
Fedhas
Gozag
Makhleb
Nemelex Xobeh
Okawaru
Pakellas
Qazlal
Trog
Vehumet
Yredelemnul

Shops:
D:4 [   D:8 =   D:10 *


Innate Abilities, Weirdness & Mutations

You reflexively headbutt those who attack you in melee.
You have a pair of horns on your head.


Message History

Your Axes skill increases to level 12!
The centaur shoots an arrow of dispersal.
The arrow of dispersal hits you but does no damage.
The centaur shoots an arrow.
The arrow closely misses you.
The sky beast flickers out of sight!
Deactivating autopickup; reactivate with Ctrl-A.
Things that are here:
an uncursed shortbow; a centaur corpse You slash the centaur!
You kill the centaur!
Trog accepts your kill.
A quokka and a zombie come into view.
The centaur unwields an uncursed shortbow of velocity.
The centaur barely misses you. You furiously retaliate!
You headbutt the centaur! The orc misses you. You furiously retaliate!
You headbutt the orc!
You kill the orc!
Trog accepts your kill.
The cyclops throws a large rock.
The large rock hits you!!
You die...

#....#
#....########.Z.....
#.....r.....Z.......
#............C......
#.....>.............
#####...................
.................(......
...###'#..#####†.c......
...#...#..# #.@#
...#...#..# #.)#
#..#...#..# #.)#
.#####..# #..#
.........# #..#
.........# #..#
.........#####(.#######
.............(.†...)...
#########..).(......##


You could see a cyclops, a centaur, a wyvern zombie, a wasp zombie and a quokka.

Vanquished Creatures
  Erolcha (D:8)
  A catoblepas (D:11)
  An ugly thing (D:11)
  A troll (D:10)
  A two-headed ogre (D:8)
  Prince Ribbit (D:7)
  Sigmund (D:4)
  6 yaks (D:9)
  A hungry ghost (D:9)
  A hippogriff (D:7)
  Edmund (D:5)
  2 water moccasins
  A wasp (D:8)
  2 ice beasts
  An orc warrior (D:6)
  2 sky beasts
  A phantom (D:10)
  A black bear (D:4)
  2 necrophages (D:10)
  6 ogres
  10 centaurs
  3 big kobolds
  Blork the orc (D:4)
  9 giant frogs
  2 scorpions
  14 killer bees
  4 wights (D:9)
  The ghost of M4edhros the Charlatan, a weakling OpAr (D:4)
  5 crimson imps
  A giant frog zombie (D:10)
  4 quasits
  8 hounds
  A jelly (D:6)
  2 orc priests
  3 giant frog skeletons
  4 iguanas
  4 orc wizards
  Jessica (D:3)
  A centaur skeleton (D:7)
  3 worker ants
  2 hound zombies
  2 hound skeletons
  2 worker ant zombies (D:10)
  A howler monkey zombie (D:7)
  7 gnolls
  13 adders
  A shadow imp (D:9)
  4 adder skeletons
  2 worms
  3 dart slugs
  5 giant geckos
  35 orcs
  2 ball pythons
  4 giant cockroaches
  7 goblins
  10 hobgoblins
  14 jackals
  15 kobolds
  2 quokkas
  4 bats
  8 giant newts
  A quokka zombie (D:8)
  5 rats
264 creatures vanquished.

Notes
Turn   | Place    | Note
--------------------------------------------------------------
     0 | D:1      | Ijustatesigmund the Minotaur Berserker began the quest for the Orb.
     0 | D:1      | Reached XP level 1. HP: 19/19 MP: 0/0
   165 | D:1      | Reached XP level 2. HP: 20/27 MP: 1/1
   698 | D:2      | Reached XP level 3. HP: 24/34 MP: 2/2
   925 | D:2      | Reached ** piety under Trog
  1082 | D:2      | Reached XP level 4. HP: 38/41 MP: 3/3
  1155 | D:2      | Reached skill level 5 in Fighting
  1513 | D:3      | Noticed an ogre
  1517 | D:3      | Reached skill level 5 in Axes
  1519 | D:3      | Killed an ogre
  1519 | D:3      | Reached XP level 5. HP: 50/50 MP: 4/4
  1580 | D:3      | Found a faded altar to an unknown god.
  1655 | D:3      | Noticed Jessica
  1659 | D:3      | Killed Jessica
  2022 | D:3      | Reached *** piety under Trog
  2302 | D:3      | Reached XP level 6. HP: 58/58 MP: 5/5
  2615 | D:4      | Found a bloodstained altar of Trog.
  2676 | D:4      | Noticed M4edhros's ghost (weakling OpAr)
  2684 | D:4      | Killed M4edhros's ghost
  2930 | D:4      | Found a sparkling altar of Nemelex Xobeh.
  2930 | D:4      | Found an opulent altar of Gozag.
  3160 | D:4      | Found Ciynwoz's Armour Shoppe.
  3169 | D:4      | Found a staircase to the Ecumenical Temple.
  3248 | D:4      | Noticed Blork the orc
  3254 | D:4      | Killed Blork the orc
  3254 | D:4      | Reached XP level 7. HP: 49/66 MP: 3/6
  3359 | D:4      | Noticed Sigmund
  3374 | D:4      | Killed Sigmund
  3608 | D:5      | Entered Level 5 of the Dungeon
  3608 | D:5      | Noticed Edmund
  3624 | D:5      | Killed Edmund
  3843 | D:5      | Reached XP level 8. HP: 77/77 MP: 7/7
  3884 | D:5      | Reached **** piety under Trog
  4170 | D:5      | Got a sapphire broad axe
  4171 | D:5      | Identified the +4 broad axe "Vuulocukk" {chop, Int+3 Dex+2} (You found it on level 5 of the Dungeon)
  4630 | D:6      | Found a basalt altar of Yredelemnul.
  4647 | D:6      | Found a blossoming altar of Fedhas.
  4664 | D:6      | Found a burning altar of Makhleb.
  4815 | D:6      | Found a radiant altar of Vehumet.
  5282 | D:7      | Noticed Prince Ribbit
  5292 | D:7      | Killed Prince Ribbit
  5292 | D:7      | Reached skill level 5 in Armour
  5292 | D:7      | Reached XP level 9. HP: 60/85 MP: 6/8
  5356 | D:7      | Reached skill level 10 in Fighting
  5430 | D:7      | Reached ***** piety under Trog
  5430 | D:7      | Reached skill level 10 in Axes
  5430 | D:7      | Reached skill level 5 in Dodging
  5718 | D:8      | Found a shadowy altar of Dithmenos.
  5720 | D:8      | Found a stormy altar of Qazlal.
  5722 | D:8      | Found an iron altar of Okawaru.
  5849 | D:8      | Noticed Erolcha
  5856 | D:8      | Killed Erolcha
  5856 | D:8      | Reached XP level 10. HP: 95/95 MP: 7/9
  5943 | D:8      | Found Kuqe's Jewellery Emporium.
  5951 | D:8      | Bought a +5 amulet of reflection for 350 gold pieces
  6405 | D:9      | Found an oddly glowing altar of Pakellas.
  7095 | D:10     | Entered Level 10 of the Dungeon
  7225 | D:10     | Found Qeomon's Assorted Antiques.
  7728 | D:11     | Reached XP level 11. HP: 100/104 MP: 10/10
  7768 | D:11     | Noticed a catoblepas
  7772 | D:11     | Killed a catoblepas
  7772 | D:11     | Received a gift from Trog
  7799 | D:11     | Noticed a brown ugly thing
  7812 | D:11     | Killed a brown ugly thing
  7857 | D:11     | Hit by a large rock thrown by a cyclops

Vault maps used:
D:1:      minmay_arrival_radiant_lines
D:2:      first_bread
D:3:      ecumenical_altar_2, uniq_jessica
D:4:      grunt_temple_overflow_opulence, old_standard_altar,
          minmay_temple_entry_statues_pillars, serial_shops,
          kennysheep_mini_moat, uniq_blork_the_orc, uniq_sigmund
D:5:      uniq_edmund
D:6:      nicolae_overflow_quartered_altars
D:7:      grunt_ogre_cave, uniq_prince_ribbit1
D:8:      grunt_temple_overflow_open, serial_shops, shop_fountains, uniq_erolcha
D:9:      lemuel_round_altar
D:10:     serial_shops, shop, nooodl_food_tri
D:11:     lair_0_dummy, hangedman_decor_opposing

Skill      XL: |  1  2  3  4  5  6  7  8  9 10 11 |
---------------+----------------------------------+-----
Fighting       | 4 5 6 7 8 9 11 12 | 12.3
Axes           | 4 5 6 7 8 9 10 11 12 | 12.0
Armour         | 5 7 9 |  9.6
Dodging        | 4 6 7 8 |  8.4

Action                   |  1- 3 |  4- 6 |  7- 9 | 10-12 || total
-------------------------+-------+-------+-------+-------++-------
Melee: Hand axe          |    69 |   127 |    65 |       ||   261
       Broad axe         |       |       |   114 |   173 ||   287
Invok: Berserk           |       |     3 |     3 |     1 ||     7
       Burn Spellbooks   |       |       |     2 |       ||     2
  Use: Scroll            |       |    11 |     5 |     7 ||    23
 Stab: Sleeping          |     1 |     5 |     4 |       ||    10
  Eat: Royal jelly       |       |     1 |       |       ||     1
       Chunk             |       |     5 |    11 |     6 ||    22
       Beef jerky        |       |     2 |       |     1 ||     3
       Fruit             |       |       |       |     5 ||     5
